Rangers vs Canadiens
Created - 2 décembre 2016 at 23:15
Goals
|
| Rangers |
3 |
2 |
1 |
6 |
| Canadiens |
1 |
1 |
1 |
3 |
|
Shots
|
| Rangers |
9 |
10 |
10 |
29 |
| Canadiens |
13 |
9 |
9 |
31 |
|
1st period
1. Canadiens , Drew Miller 10 (Marc Savard) at 1:45
2. Rangers , Mike Cammalleri 4 (Jakob Silfverberg, Alexei Emelin) at 6:30
3. Rangers , Nick Foligno 1 (Valtteri Filppula, Gustav Nyquist) at 17:06
4. Rangers , Patrice Bergeron 12 (Milan Lucic) at 17:12
Penalties :
Drew Stafford (NYR) for Holding (Minor) at 4:18, Patrice Bergeron (NYR) for Holding (Minor) at 6:35, Patrick Sharp (Mon) for Holding (Minor) at 9:51, Andrei Loktionov (Mon) for High sticking (Minor) at 18:35
2nd period
5. Rangers , Stephen Weiss 8 (Mike Cammalleri, Matt Greene) at 8:53
6. Canadiens , Drew Miller 11 (Marc Savard) at 16:44
7. Rangers , Matt Read 2 (Chris Bourque, Artem Anisimov) at 19:58
Penalties :
No Penalty
3rd period
8. Rangers , Stephen Weiss 9 (Matt Greene, Mike Cammalleri) at 7:09
9. Canadiens , Dennis Wideman 4 (Devin Setoguchi) at 16:12
Penalties :
Chris Bourque (NYR) for Tripping (Minor) at 0:58, Marek Svatos (Mon) for Fighting (Major) at 7:22, Cam Barker (NYR) for Fighting (Major) at 7:22, Drew Miller (Mon) for Hooking (Minor) at 8:05, Marek Svatos (Mon) for Fighting (Major) at 14:02, Patrice Bergeron (NYR) for Fighting (Major) at 14:02, Patrice Bergeron (NYR) for instigated a fight (Minor) at 14:02, Patrice Bergeron (NYR) for instigated a fight (10 Minutes Misconduct) at 14:02, Dan Boyle (Mon) for Charging (Minor) at 18:38
Goalie Stats
Henrik Lundqvist (NYR), 28 saves from 31 shots - (0,903), W, 11-3-0, 60:00 minutes
Jonathan Bernier (Mon), 8 saves from 12 shots - (0,667), L, 7-6-2, 28:53 minutes
Tobias Stephan (Mon), 15 saves from 17 shots - (0,882), 31:07 minutes
Players Stats for Rangers
Player Name G A P +/- PIM S H SB GA TA FO MP PP MP PK MP
------------------------------------------------------------------------------------
Alexei Emelin 0 1 1 2 0 0 1 0 1 0 0/0 16:35 1:21 3:31
Artem Anisimov 0 1 1 1 0 1 3 0 0 0 4/8 19:17 5:51 2:36
Bryan Young 0 0 0 2 0 1 0 1 0 0 0/0 13:05 0:00 3:31
Cam Barker 0 0 0 -2 5 1 2 1 0 0 0/0 26:37 2:31 4:25
Chris Bourque 0 1 1 1 2 2 1 0 0 0 0/0 10:18 0:00 0:56
Drew Stafford 0 0 0 0 2 1 0 0 1 0 1/2 20:13 3:06 0:00
Gustav Nyquist 0 1 1 1 0 0 0 0 0 0 0/0 6:09 0:00 0:00
Jakob Silfverberg 0 1 1 1 0 2 3 0 0 0 0/1 16:18 4:12 0:00
Matt Greene 0 2 2 2 0 2 2 1 0 0 0/0 22:26 1:27 4:25
Matt Read 1 0 1 1 0 2 3 1 0 0 1/1 11:37 0:00 2:36
Mike Cammalleri 1 2 3 1 0 1 1 1 0 2 0/0 16:53 4:12 0:35
Milan Lucic 0 1 1 1 0 4 1 0 2 1 1/1 20:00 3:06 0:00
Nick Foligno 1 0 1 0 0 2 0 0 0 0 0/1 10:12 0:00 3:49
Patrice Bergeron 1 0 1 1 19 2 1 1 1 0 20/38 19:09 2:52 0:41
Ryan Suter 0 0 0 -1 0 1 1 2 0 1 0/0 22:38 3:26 0:00
Staffan Kronwall 0 0 0 3 0 0 0 1 0 0 0/0 12:36 0:00 0:00
Stephen Weiss 2 0 2 1 0 4 1 0 0 0 6/13 17:18 4:12 0:38
Valtteri Filppula 0 1 1 0 0 3 0 0 0 0 4/10 10:38 0:14 4:01
Players Stats for Canadiens
Player Name G A P +/- PIM S H SB GA TA FO MP PP MP PK MP
------------------------------------------------------------------------------------
Andrei Loktionov 0 0 0 -1 2 1 2 0 0 0 16/30 22:49 4:40 1:37
Brooks Laich 0 0 0 -1 0 0 1 1 0 0 10/21 13:16 0:00 4:17
Dan Boyle 0 0 0 -2 2 3 0 1 0 0 0/0 19:00 2:38 0:00
Dennis Wideman 1 0 1 0 0 1 5 1 0 1 0/0 28:57 5:18 2:55
Devin Setoguchi 0 1 1 2 0 0 0 0 0 0 0/1 14:52 1:07 0:00
Drew Miller 2 0 2 1 2 4 4 0 2 1 0/1 19:21 3:13 3:08
Dustin Boyd 0 0 0 -2 0 1 0 0 0 0 2/2 8:28 0:00 2:24
Evgeny Dadonov 0 0 0 -1 0 2 0 0 0 0 0/1 11:12 0:21 0:00
Greg Stewart 0 0 0 -2 0 3 0 0 0 0 1/1 8:52 0:00 2:48
Jiri Fischer 0 0 0 -2 0 1 0 3 0 2 0/0 21:49 2:38 4:11
Jonas Hoglund 0 0 0 -1 0 3 1 0 0 0 0/0 12:16 3:13 0:00
Ladislav Smid 0 0 0 -1 0 1 0 1 0 1 0/0 13:56 0:00 4:23
Marc Savard 0 2 2 1 0 7 2 0 1 0 7/15 16:12 3:13 0:00
Marek Svatos 0 0 0 -2 10 1 0 1 0 0 1/2 17:58 3:18 0:25
Matt Carle 0 0 0 -1 0 0 0 2 1 0 0/0 11:48 0:00 2:55
Patrick Sharp 0 0 0 -1 2 2 4 0 0 0 1/1 21:31 4:40 0:22
Rene Bourque 0 0 0 -2 0 0 1 0 0 0 0/0 6:15 0:03 0:00
Torey Krug 0 0 0 0 0 1 0 2 0 0 0/0 24:29 5:18 0:12
3 Stars
1 - Mike Cammalleri (NYR)
2 - Stephen Weiss (NYR)
3 - Drew Miller (Mon)
Power Play
Rangers - 0 on 4 Attempt(s) - 0,00%
Canadiens - 0 on 4 Attempt(s) - 0,00%
Penalty Kill
Rangers - 4 on 4 Attempt(s) - 100,00%
- Score 0 goal in Penalty Kill
Canadiens - 4 on 4 Attempt(s) - 100,00%
- Score 0 goal in Penalty Kill
Team Stat
Rangers - Hits : 20 - Faceoff Wins : 37 - Blocked Shots : 9 - Penalty Minutes : 28
Canadiens - Hits : 20 - Faceoff Wins : 38 - Blocked Shots : 12 - Penalty Minutes : 18
Official
Referees : Leggo Mike and Marouelli Dan
Linesman : Mark Shewchyk and Thor Nelson
Game Notes
Tobias Stephan enters game at 8:53 of 2nd period
Marek Svatos beats up Cam Barker at 7:22 of 3rd period
Marek Svatos and Patrice Bergeron fight to a draw at 14:02 of 3rd period
Finance
Level 1 -- Attendance: 5643 (94,05%) -- Ticket Income 485 298 $
Level 2 -- Attendance: 4434 (88,68%) -- Ticket Income 221 700 $
Level 3 -- Attendance: 2000 (100,00%) -- Ticket Income 62 000 $
Level 4 -- Attendance: 3853 (96,33%) -- Ticket Income 84 766 $
Luxury Box -- Attendance: 781 (78,10%) -- Ticket Income 128 865 $
Game was played at the Centre Bell.
Total Attendance: 16711 (92,84%)
Total Ticket Income: 982 629 $
Other Income: 147 394 $
Total Income: 1 130 023 $
Rangers
5 vs 5 Forward
Center Left Wing Right Wing Time % Phy DF OF
1 Patrice Bergeron Milan Lucic Drew Stafford 40 1 2 2
2 Stephen Weiss Mike Cammalleri Jakob Silfverberg 30 1 2 2
3 Artem Anisimov Chris Bourque Matt Read 20 1 2 2
4 Valtteri Filppula Nick Foligno Gustav Nyquist 10 1 2 2
5 vs 5 Defense
Defense Defense Time % Phy DF OF
1 Cam Barker Ryan Suter 40 1 2 2
2 Matt Greene Staffan Kronwall 30 1 2 2
3 Alexei Emelin Bryan Young 20 1 2 2
4 Cam Barker Matt Greene 10 1 2 2
PowerPlay Forward
Center Left Wing Right Wing Time % Phy DF OF
1 Patrice Bergeron Milan Lucic Drew Stafford 60 1 2 2
2 Stephen Weiss Mike Cammalleri Jakob Silfverberg 40 1 2 2
PowerPlay Defense
Defense Defense Time % Phy DF OF
1 Cam Barker Artem Anisimov 60 1 2 2
2 Matt Greene Ryan Suter 40 1 2 2
Penalty Kill 4 Players Forward
Center Wing Time % Phy DF OF
1 Valtteri Filppula Nick Foligno 60 1 2 2
2 Artem Anisimov Matt Read 40 1 2 2
Penalty Kill 4 Players Defense
Defense Defense Time % Phy DF OF
1 Cam Barker Matt Greene 60 1 2 2
2 Bryan Young Alexei Emelin 40 1 2 2
Penalty Kill - 3 Players Forward
Forward Time % Phy DF OF
1 Matt Read 60 1 2 2
2 Nick Foligno 40 1 2 2
Penalty Kill - 3 Players Defense
Defense Defense Time % Phy DF OF
1 Cam Barker Matt Greene 60 1 2 2
2 Bryan Young Alexei Emelin 40 1 2 2
4 vs 4 Forward
Center Wing Time % Phy DF OF
1 Patrice Bergeron Milan Lucic 60 1 2 2
2 Stephen Weiss Jakob Silfverberg 40 1 2 2
4 vs 4 Defense
Defense Defense Time % Phy DF OF
1 Cam Barker Ryan Suter 60 1 2 2
2 Matt Greene Staffan Kronwall 40 1 2 2
Last Minutes Offensive
Center Left Wing Right Wing Defense Defense
Patrice Bergeron Milan Lucic Jakob Silfverberg Cam Barker Drew Stafford
Last Minutes Defensive
Center Left Wing Right Wing Defense Defense
Patrice Bergeron Nick Foligno Matt Read Cam Barker Matt Greene
Goaltenders
Starting : Henrik Lundqvist
Backup : Hannu Toivonen
Extra Forwards
Normal : Artem Anisimov, Valtteri Filppula, Milan Lucic - PP : Jakob Silfverberg, Patrice Bergeron - PK : Patrice Bergeron
Extra Defensemen
Normal : Matt Greene, Ryan Suter, Cam Barker - PP : Ryan Suter - PK : Alexei Emelin, Matt Greene
Penalty Shots
Patrice Bergeron, Jakob Silfverberg, Milan Lucic, Stephen Weiss, Valtteri Filppula
Canadiens
5 vs 5 Forward
Center Left Wing Right Wing Time % Phy DF OF
1 Andrei Loktionov Patrick Sharp Marek Svatos 40 1 2 2
2 Marc Savard Drew Miller Devin Setoguchi 30 1 2 2
3 Brooks Laich Evgeny Dadonov Jonas Hoglund 20 1 2 2
4 Dustin Boyd Greg Stewart Rene Bourque 10 1 2 2
5 vs 5 Defense
Defense Defense Time % Phy DF OF
1 Dennis Wideman Torey Krug 40 1 2 2
2 Dan Boyle Jiri Fischer 30 1 2 2
3 Ladislav Smid Matt Carle 20 1 2 2
4 Dennis Wideman Dan Boyle 10 1 2 2
PowerPlay Forward
Center Left Wing Right Wing Time % Phy DF OF
1 Andrei Loktionov Patrick Sharp Marek Svatos 60 1 2 2
2 Marc Savard Drew Miller Jonas Hoglund 40 1 2 2
PowerPlay Defense
Defense Defense Time % Phy DF OF
1 Dennis Wideman Torey Krug 60 1 2 2
2 Dan Boyle Jiri Fischer 40 1 2 2
Penalty Kill 4 Players Forward
Center Wing Time % Phy DF OF
1 Brooks Laich Drew Miller 60 1 2 2
2 Dustin Boyd Greg Stewart 40 1 2 2
Penalty Kill 4 Players Defense
Defense Defense Time % Phy DF OF
1 Jiri Fischer Ladislav Smid 60 1 2 2
2 Dennis Wideman Matt Carle 40 1 2 2
Penalty Kill - 3 Players Forward
Forward Time % Phy DF OF
1 Brooks Laich 60 1 2 2
2 Dustin Boyd 40 1 2 2
Penalty Kill - 3 Players Defense
Defense Defense Time % Phy DF OF
1 Jiri Fischer Ladislav Smid 60 1 2 2
2 Dennis Wideman Matt Carle 40 1 2 2
4 vs 4 Forward
Center Wing Time % Phy DF OF
1 Brooks Laich Drew Miller 60 1 2 2
2 Marc Savard Marek Svatos 40 1 2 2
4 vs 4 Defense
Defense Defense Time % Phy DF OF
1 Dennis Wideman Torey Krug 60 1 2 2
2 Dan Boyle Jiri Fischer 40 1 2 2
Last Minutes Offensive
Center Left Wing Right Wing Defense Defense
Marc Savard Patrick Sharp Marek Svatos Dennis Wideman Dan Boyle
Last Minutes Defensive
Center Left Wing Right Wing Defense Defense
Brooks Laich Patrick Sharp Marek Svatos Jiri Fischer Ladislav Smid
Goaltenders
Starting : Jonathan Bernier
Backup : Tobias Stephan
Extra Forwards
Normal : Evgeny Dadonov, Devin Setoguchi, Andrei Loktionov - PP : Devin Setoguchi, Evgeny Dadonov - PK : Andrei Loktionov
Extra Defensemen
Normal : Dennis Wideman, Matt Carle, Ladislav Smid - PP : Ladislav Smid - PK : Torey Krug, Dan Boyle
Penalty Shots
Patrick Sharp, Marc Savard, Drew Miller, Marek Svatos, Greg Stewart
% Time on Ice - Rangers
Lines # - Real PCT - Wanted PCT - Time Play
Normal Forward
1 - 39% - 40% - 17:30
2 - 27% - 30% - 12:06
3 - 20% - 20% - 9:01
4 - 14% - 10% - 6:09
Normal Defense
1 - 45% - 40% - 20:04
2 - 29% - 30% - 13:11
3 - 20% - 20% - 8:59
4 - 6% - 10% - 2:32
PP Forward
1 - 42% - 60% - 3:06
2 - 58% - 40% - 4:12
PP Defense
1 - 80% - 60% - 5:51
2 - 20% - 40% - 1:27
PK Forward
1 - 67% - 60% - 5:20
2 - 33% - 40% - 2:36
PK Defense
1 - 56% - 60% - 4:25
2 - 44% - 40% - 3:31
PK3 Forward
1 - 0% - 60%
2 - 0% - 40%
PK3 Defense
1 - 0% - 60%
2 - 0% - 40%
44 Forward
1 - 0% - 60%
2 - 0% - 40%
44 Defense
1 - 0% - 60%
2 - 0% - 40%
Last Minute Offensive - 0:00
Last Minute Defensive - 0:00
Total
Forward - 60:00
Defense - 60:00
|
% Time on Ice - Canadiens
Lines # - Real PCT - Wanted PCT - Time Play
Normal Forward
1 - 38% - 40% - 16:51
2 - 29% - 30% - 13:05
3 - 20% - 20% - 8:57
4 - 13% - 10% - 5:53
Normal Defense
1 - 44% - 40% - 19:30
2 - 32% - 30% - 14:31
3 - 20% - 20% - 8:51
4 - 4% - 10% - 1:54
PP Forward
1 - 59% - 60% - 4:43
2 - 41% - 40% - 3:13
PP Defense
1 - 67% - 60% - 5:18
2 - 33% - 40% - 2:38
PK Forward
1 - 81% - 60% - 5:55
2 - 19% - 40% - 1:23
PK Defense
1 - 60% - 60% - 4:23
2 - 40% - 40% - 2:55
PK3 Forward
1 - 0% - 60%
2 - 0% - 40%
PK3 Defense
1 - 0% - 60%
2 - 0% - 40%
44 Forward
1 - 0% - 60%
2 - 0% - 40%
44 Defense
1 - 0% - 60%
2 - 0% - 40%
Last Minute Offensive - 0:00
Last Minute Defensive - 0:00
Total
Forward - 60:00
Defense - 60:00
|
Play by Play
1st period
0:01 of 1st period - Andrei Loktionov wins face-off versus Patrice Bergeron in neutral zone.
0:08 of 1st period - Wrist shot by Andrei Loktionov.
0:08 of 1st period - Shot Misses the Net.
0:26 of 1st period - Dennis Wideman is hit by Jakob Silfverberg and loses puck.
0:58 of 1st period - Greg Stewart is hit by Matt Read.
1:43 of 1st period - Snap shot by Patrick Sharp.
1:43 of 1st period - Stopped by Henrik Lundqvist without a rebound.
1:44 of 1st period - Marc Savard wins face-off versus Stephen Weiss in Rangers zone.
1:45 of 1st period - Wrist shot by Drew Miller.
1:45 of 1st period - Goal by Drew Miller - Rangers : 0 - Canadiens : 1.
1:46 of 1st period - Marc Savard wins face-off versus Stephen Weiss in neutral zone.
1:53 of 1st period - Wrist shot by Drew Miller.
1:53 of 1st period - Shot Blocked by Ryan Suter.
2:01 of 1st period - Snap shot by Stephen Weiss.
2:01 of 1st period - Deflect By Matt Carle.
2:01 of 1st period - Shot Blocked by Matt Carle.
2:01 of 1st period - Puck is out of play.
2:02 of 1st period - Andrei Loktionov wins face-off versus Patrice Bergeron in Canadiens zone.
2:28 of 1st period - Icing by Cam Barker.
2:29 of 1st period - Marc Savard wins face-off versus Artem Anisimov in Rangers zone.
2:38 of 1st period - Matt Greene is hit by Drew Miller and loses puck.
2:59 of 1st period - Wrist shot by Stephen Weiss.
2:59 of 1st period - Shot Misses the Net.
3:14 of 1st period - Off-side.
3:15 of 1st period - Patrice Bergeron wins face-off versus Brooks Laich in neutral zone.
4:11 of 1st period - Off-side.
4:12 of 1st period - Patrice Bergeron wins face-off versus Marc Savard in neutral zone.
4:18 of 1st period - Minor Penalty to Drew Stafford for Holding.
4:19 of 1st period - Andrei Loktionov wins face-off versus Valtteri Filppula in Rangers zone.
5:15 of 1st period - Dan Boyle is hit by Matt Read and loses puck.
6:08 of 1st period - Marek Svatos is hit by Artem Anisimov.
6:18 of 1st period - Penalty to Drew Stafford is over, Drew Stafford is back on ice.
6:26 of 1st period - Snap shot by Stephen Weiss.
6:26 of 1st period - Shot Misses the Net.
6:28 of 1st period - Slapshot by Alexei Emelin.
6:28 of 1st period - Shot Blocked by Matt Carle.
6:30 of 1st period - Snap shot by Jakob Silfverberg.
6:30 of 1st period - Deflect By Mike Cammalleri.
6:30 of 1st period - Goal by Mike Cammalleri - Rangers : 1 - Canadiens : 1.
6:31 of 1st period - Marc Savard wins face-off versus Patrice Bergeron in neutral zone.
6:35 of 1st period - Minor Penalty to Patrice Bergeron for Holding.
6:36 of 1st period - Andrei Loktionov wins face-off versus Valtteri Filppula in Rangers zone.
7:02 of 1st period - Cam Barker is hit by Drew Miller.
8:35 of 1st period - Penalty to Patrice Bergeron is over, Patrice Bergeron is back on ice.
8:49 of 1st period - Matt Greene is hit by Rene Bourque and loses puck.
9:06 of 1st period - Wrist shot by Milan Lucic.
9:06 of 1st period - Stopped by Jonathan Bernier without a rebound.
9:07 of 1st period - Patrice Bergeron wins face-off versus Marc Savard in Canadiens zone.
9:51 of 1st period - Minor Penalty to Patrick Sharp for Holding.
9:52 of 1st period - Milan Lucic wins face-off versus Brooks Laich in Canadiens zone.
11:50 of 1st period - Torey Krug is hit by Cam Barker and loses puck.
11:51 of 1st period - Penalty to Patrick Sharp is over, Patrick Sharp is back on ice.
12:01 of 1st period - Wrist shot by Valtteri Filppula.
12:01 of 1st period - Stopped by Jonathan Bernier without a rebound.
12:02 of 1st period - Andrei Loktionov wins face-off versus Valtteri Filppula in Canadiens zone.
12:14 of 1st period - Wrist shot by Nick Foligno.
12:14 of 1st period - Stopped by Jonathan Bernier without a rebound.
12:15 of 1st period - Marc Savard wins face-off versus Stephen Weiss in Canadiens zone.
12:24 of 1st period - Wrist shot by Marc Savard.
12:24 of 1st period - Stopped by Henrik Lundqvist with a rebound.
12:26 of 1st period - Wrist shot by Marc Savard.
12:26 of 1st period - Stopped by Henrik Lundqvist with a rebound.
12:54 of 1st period - Snap shot by Andrei Loktionov.
12:54 of 1st period - Shot Misses the Net.
13:28 of 1st period - Chris Bourque is hit by Dennis Wideman and loses puck.
13:58 of 1st period - Snap shot by Greg Stewart.
13:58 of 1st period - Shot Misses the Net.
14:47 of 1st period - Snap shot by Evgeny Dadonov.
14:47 of 1st period - Deflect By Jonas Hoglund.
14:47 of 1st period - Stopped by Henrik Lundqvist without a rebound.
14:48 of 1st period - Stephen Weiss wins face-off versus Devin Setoguchi in Rangers zone.
15:02 of 1st period - Snap shot by Jakob Silfverberg.
15:02 of 1st period - Shot Misses the Net.
15:04 of 1st period - Backhand shot by Jakob Silfverberg.
15:04 of 1st period - Stopped by Jonathan Bernier with a rebound.
15:14 of 1st period - Dennis Wideman is hit by Chris Bourque and loses puck.
15:33 of 1st period - Slapshot by Drew Miller.
15:33 of 1st period - Shot Misses the Net.
15:41 of 1st period - Snap shot by Marc Savard.
15:41 of 1st period - Stopped by Henrik Lundqvist with a rebound.
15:51 of 1st period - Wrist shot by Marc Savard.
15:51 of 1st period - Deflect By Matt Greene.
15:51 of 1st period - Shot Blocked by Staffan Kronwall.
15:51 of 1st period - Puck is out of play.
15:52 of 1st period - Patrice Bergeron wins face-off versus Marek Svatos in Rangers zone.
16:32 of 1st period - Icing by Valtteri Filppula.
16:33 of 1st period - Brooks Laich wins face-off versus Valtteri Filppula in Rangers zone.
16:38 of 1st period - Slapshot by Jonas Hoglund.
16:38 of 1st period - Stopped by Henrik Lundqvist with a rebound.
16:42 of 1st period - Snap shot by Jonas Hoglund.
16:42 of 1st period - Shot Misses the Net.
17:04 of 1st period - Snap shot by Valtteri Filppula.
17:04 of 1st period - Stopped by Jonathan Bernier with a rebound.
17:06 of 1st period - Wrist shot by Nick Foligno.
17:06 of 1st period - Goal by Nick Foligno - Rangers : 2 - Canadiens : 1.
17:07 of 1st period - Patrice Bergeron wins face-off versus Andrei Loktionov in neutral zone.
17:12 of 1st period - Snap shot by Patrice Bergeron.
17:12 of 1st period - Goal by Patrice Bergeron - Rangers : 3 - Canadiens : 1.
17:13 of 1st period - Patrice Bergeron wins face-off versus Andrei Loktionov in neutral zone.
17:47 of 1st period - Snap shot by Devin Setoguchi.
17:47 of 1st period - Shot Blocked by Mike Cammalleri.
17:49 of 1st period - Slapshot by Torey Krug.
17:49 of 1st period - Stopped by Henrik Lundqvist with a rebound.
17:51 of 1st period - Snap shot by Marc Savard.
17:51 of 1st period - Shot Blocked by Ryan Suter.
17:55 of 1st period - Snap shot by Marc Savard.
17:55 of 1st period - Stopped by Henrik Lundqvist without a rebound.
17:56 of 1st period - Brooks Laich wins face-off versus Patrice Bergeron in Rangers zone.
17:59 of 1st period - Wrist shot by Evgeny Dadonov.
17:59 of 1st period - Stopped by Henrik Lundqvist without a rebound.
18:00 of 1st period - Brooks Laich wins face-off versus Patrice Bergeron in Rangers zone.
18:01 of 1st period - Snap shot by Evgeny Dadonov.
18:01 of 1st period - Stopped by Henrik Lundqvist without a rebound.
18:02 of 1st period - Brooks Laich wins face-off versus Patrice Bergeron in Rangers zone.
18:11 of 1st period - Snap shot by Milan Lucic.
18:11 of 1st period - Shot Misses the Net.
18:13 of 1st period - Slapshot by Milan Lucic.
18:13 of 1st period - Stopped by Jonathan Bernier without a rebound.
18:14 of 1st period - Patrice Bergeron wins face-off versus Andrei Loktionov in Canadiens zone.
18:27 of 1st period - Wrist shot by Patrice Bergeron.
18:27 of 1st period - Shot Misses the Net.
18:29 of 1st period - Slapshot by Patrice Bergeron.
18:29 of 1st period - Shot Misses the Net.
18:35 of 1st period - Minor Penalty to Andrei Loktionov for High sticking.
18:36 of 1st period - Brooks Laich wins face-off versus Patrice Bergeron in Canadiens zone.
18:51 of 1st period - Brooks Laich is hit by Artem Anisimov and loses puck.
19:09 of 1st period - Snap shot by Greg Stewart.
19:09 of 1st period - Stopped by Henrik Lundqvist with a rebound.
19:11 of 1st period - Snap shot by Jiri Fischer.
19:11 of 1st period - Stopped by Henrik Lundqvist without a rebound.
19:12 of 1st period - Patrice Bergeron wins face-off versus Brooks Laich in Rangers zone.
Goals for this period are 3 for Rangers vs 1 for Canadiens.
Shots for this period are 9 for Rangers vs 13 for Canadiens.
2nd period
0:01 of 2nd period - Patrice Bergeron wins face-off versus Brooks Laich in neutral zone.
0:35 of 2nd period - Penalty to Andrei Loktionov is over, Andrei Loktionov is back on ice.
1:13 of 2nd period - Torey Krug is hit by Matt Greene and loses puck.
1:31 of 2nd period - Wrist shot by Dustin Boyd.
1:31 of 2nd period - Shot Hit the Post.
1:33 of 2nd period - Snap shot by Dustin Boyd.
1:33 of 2nd period - Deflect By Rene Bourque.
1:33 of 2nd period - Shot Misses the Net.
1:33 of 2nd period - Puck is out of play.
1:34 of 2nd period - Artem Anisimov wins face-off versus Andrei Loktionov in Rangers zone.
1:43 of 2nd period - Wrist shot by Andrei Loktionov.
1:43 of 2nd period - Shot Misses the Net.
1:45 of 2nd period - Slapshot by Dan Boyle.
1:45 of 2nd period - Deflect By Cam Barker.
1:45 of 2nd period - Stopped by Henrik Lundqvist without a rebound.
1:46 of 2nd period - Andrei Loktionov wins face-off versus Patrice Bergeron in Rangers zone.
1:55 of 2nd period - Snap shot by Milan Lucic.
1:55 of 2nd period - Shot Misses the Net.
1:57 of 2nd period - Slapshot by Cam Barker.
1:57 of 2nd period - Stopped by Jonathan Bernier without a rebound.
1:58 of 2nd period - Andrei Loktionov wins face-off versus Drew Stafford in Canadiens zone.
2:30 of 2nd period - Off-side.
2:31 of 2nd period - Patrice Bergeron wins face-off versus Marc Savard in neutral zone.
4:54 of 2nd period - Jakob Silfverberg is hit by Dennis Wideman.
4:58 of 2nd period - Snap shot by Dustin Boyd.
4:58 of 2nd period - Stopped by Henrik Lundqvist without a rebound.
4:59 of 2nd period - Dustin Boyd wins face-off versus Patrice Bergeron in Rangers zone.
5:09 of 2nd period - Torey Krug is hit by Alexei Emelin and loses puck.
5:33 of 2nd period - Snap shot by Andrei Loktionov.
5:33 of 2nd period - Stopped by Henrik Lundqvist with a rebound.
5:35 of 2nd period - Slapshot by Torey Krug.
5:35 of 2nd period - Deflect By Marek Svatos.
5:35 of 2nd period - Shot Misses the Net.
5:35 of 2nd period - Puck is out of play.
5:36 of 2nd period - Patrice Bergeron wins face-off versus Marc Savard in Rangers zone.
5:58 of 2nd period - Icing by Drew Miller.
5:59 of 2nd period - Stephen Weiss wins face-off versus Marc Savard in Canadiens zone.
6:04 of 2nd period - Snap shot by Jakob Silfverberg.
6:04 of 2nd period - Shot Misses the Net.
6:06 of 2nd period - Slapshot by Cam Barker.
6:06 of 2nd period - Shot Misses the Net.
6:12 of 2nd period - Wrist shot by Jakob Silfverberg.
6:12 of 2nd period - Stopped by Jonathan Bernier with a rebound.
6:14 of 2nd period - Slapshot by Ryan Suter.
6:14 of 2nd period - Shot Misses the Net.
6:49 of 2nd period - Drew Stafford is hit by Patrick Sharp and loses puck.
7:51 of 2nd period - Snap shot by Patrick Sharp.
7:51 of 2nd period - Stopped by Henrik Lundqvist with a rebound.
8:41 of 2nd period - Off-side.
8:42 of 2nd period - Stephen Weiss wins face-off versus Marc Savard in neutral zone.
8:49 of 2nd period - Wrist shot by Stephen Weiss.
8:49 of 2nd period - Shot Blocked by Dan Boyle.
8:51 of 2nd period - Snap shot by Mike Cammalleri.
8:51 of 2nd period - Shot Misses the Net.
8:53 of 2nd period - Snap shot by Stephen Weiss.
8:53 of 2nd period - Goal by Stephen Weiss - Rangers : 4 - Canadiens : 1.
8:53 of 2nd period - Tobias Stephan enters game.
8:54 of 2nd period - Andrei Loktionov wins face-off versus Patrice Bergeron in neutral zone.
9:28 of 2nd period - Cam Barker is hit by Drew Miller and loses puck.
9:49 of 2nd period - Off-side.
9:50 of 2nd period - Andrei Loktionov wins face-off versus Patrice Bergeron in neutral zone.
10:20 of 2nd period - Jiri Fischer is hit by Jakob Silfverberg and loses puck.
11:05 of 2nd period - Snap shot by Milan Lucic.
11:05 of 2nd period - Stopped by Tobias Stephan with a rebound.
11:07 of 2nd period - Snap shot by Matt Greene.
11:07 of 2nd period - Stopped by Tobias Stephan without a rebound.
11:08 of 2nd period - Stephen Weiss wins face-off versus Andrei Loktionov in Canadiens zone.
11:23 of 2nd period - Mike Cammalleri is hit by Patrick Sharp and loses puck.
12:17 of 2nd period - Wrist shot by Mike Cammalleri.
12:17 of 2nd period - Shot Misses the Net.
12:21 of 2nd period - Backhand shot by Jakob Silfverberg.
12:21 of 2nd period - Shot Blocked by Brooks Laich.
12:23 of 2nd period - Slapshot by Bryan Young.
12:23 of 2nd period - Shot Blocked by Ladislav Smid.
12:25 of 2nd period - Slapshot by Bryan Young.
12:25 of 2nd period - Stopped by Tobias Stephan without a rebound.
12:26 of 2nd period - Patrice Bergeron wins face-off versus Andrei Loktionov in Canadiens zone.
12:35 of 2nd period - Marek Svatos is hit by Milan Lucic and loses puck.
12:44 of 2nd period - Staffan Kronwall is hit by Andrei Loktionov.
13:02 of 2nd period - Wrist shot by Drew Miller.
13:02 of 2nd period - Stopped by Henrik Lundqvist without a rebound.
13:03 of 2nd period - Stephen Weiss wins face-off versus Brooks Laich in Rangers zone.
13:14 of 2nd period - Snap shot by Stephen Weiss.
13:14 of 2nd period - Shot Blocked by Torey Krug.
13:35 of 2nd period - Slapshot by Stephen Weiss.
13:35 of 2nd period - Stopped by Tobias Stephan without a rebound.
13:36 of 2nd period - Patrice Bergeron wins face-off versus Andrei Loktionov in Canadiens zone.
13:48 of 2nd period - Off-side.
13:49 of 2nd period - Marek Svatos wins face-off versus Patrice Bergeron in neutral zone.
13:58 of 2nd period - Snap shot by Andrei Loktionov.
13:58 of 2nd period - Shot Misses the Net.
14:16 of 2nd period - Cam Barker is hit by Dennis Wideman and loses puck.
14:27 of 2nd period - Snap shot by Drew Miller.
14:27 of 2nd period - Shot Blocked by Cam Barker.
14:41 of 2nd period - Slapshot by Cam Barker.
14:41 of 2nd period - Deflect By Matt Read.
14:41 of 2nd period - Shot Blocked by Jiri Fischer.
14:41 of 2nd period - Puck is out of play.
14:42 of 2nd period - Artem Anisimov wins face-off versus Brooks Laich in Canadiens zone.
14:51 of 2nd period - Wrist shot by Brooks Laich.
14:51 of 2nd period - Shot Misses the Net.
14:53 of 2nd period - Slapshot by Jiri Fischer.
14:53 of 2nd period - Shot Blocked by Matt Read.
14:59 of 2nd period - Slapshot by Jonas Hoglund.
14:59 of 2nd period - Shot Misses the Net.
15:05 of 2nd period - Snap shot by Jonas Hoglund.
15:05 of 2nd period - Stopped by Henrik Lundqvist without a rebound.
15:06 of 2nd period - Patrice Bergeron wins face-off versus Andrei Loktionov in Rangers zone.
15:37 of 2nd period - Stephen Weiss is hit by Dennis Wideman and loses puck.
15:55 of 2nd period - Icing by Jiri Fischer.
15:56 of 2nd period - Matt Read wins face-off versus Brooks Laich in Canadiens zone.
15:57 of 2nd period - Snap shot by Chris Bourque.
15:57 of 2nd period - Shot Misses the Net.
16:03 of 2nd period - Slapshot by Evgeny Dadonov.
16:03 of 2nd period - Shot Hit the Post.
16:05 of 2nd period - Wrist shot by Jonas Hoglund.
16:05 of 2nd period - Shot Misses the Net.
16:07 of 2nd period - Wrist shot by Dan Boyle.
16:07 of 2nd period - Stopped by Henrik Lundqvist with a rebound.
16:09 of 2nd period - Slapshot by Dan Boyle.
16:09 of 2nd period - Stopped by Henrik Lundqvist without a rebound.
16:10 of 2nd period - Andrei Loktionov wins face-off versus Patrice Bergeron in Rangers zone.
16:37 of 2nd period - Mike Cammalleri is hit by Drew Miller and loses puck.
16:44 of 2nd period - Wrist shot by Drew Miller.
16:44 of 2nd period - Goal by Drew Miller - Rangers : 4 - Canadiens : 2.
16:45 of 2nd period - Patrice Bergeron wins face-off versus Andrei Loktionov in neutral zone.
17:00 of 2nd period - Snap shot by Patrice Bergeron.
17:00 of 2nd period - Stopped by Tobias Stephan without a rebound.
17:01 of 2nd period - Marc Savard wins face-off versus Stephen Weiss in Canadiens zone.
17:06 of 2nd period - Jakob Silfverberg is hit by Marc Savard and loses puck.
17:14 of 2nd period - Off-side.
17:15 of 2nd period - Patrice Bergeron wins face-off versus Andrei Loktionov in neutral zone.
17:42 of 2nd period - Torey Krug is hit by Matt Greene and loses puck.
18:11 of 2nd period - Artem Anisimov is hit by Brooks Laich and loses puck.
18:16 of 2nd period - Snap shot by Evgeny Dadonov.
18:16 of 2nd period - Shot Misses the Net.
18:18 of 2nd period - Wrist shot by Brooks Laich.
18:18 of 2nd period - Shot Misses the Net.
18:28 of 2nd period - Snap shot by Valtteri Filppula.
18:28 of 2nd period - Stopped by Tobias Stephan without a rebound.
18:29 of 2nd period - Greg Stewart wins face-off versus Valtteri Filppula in Canadiens zone.
18:35 of 2nd period - Dan Boyle is hit by Cam Barker and loses puck.
18:44 of 2nd period - Snap shot by Gustav Nyquist.
18:44 of 2nd period - Shot Blocked by Jiri Fischer.
19:18 of 2nd period - Wrist shot by Chris Bourque.
19:18 of 2nd period - Shot Blocked by Marek Svatos.
19:56 of 2nd period - Slapshot by Chris Bourque.
19:56 of 2nd period - Shot Misses the Net.
19:58 of 2nd period - Slapshot by Matt Read.
19:58 of 2nd period - Goal by Matt Read - Rangers : 5 - Canadiens : 2.
19:59 of 2nd period - Patrice Bergeron wins face-off versus Drew Miller in neutral zone.
Goals for this period are 2 for Rangers vs 1 for Canadiens.
Shots for this period are 10 for Rangers vs 9 for Canadiens.
3rd period
0:01 of 3rd period - Andrei Loktionov wins face-off versus Patrice Bergeron in neutral zone.
0:08 of 3rd period - Wrist shot by Dan Boyle.
0:08 of 3rd period - Shot Blocked by Patrice Bergeron.
0:58 of 3rd period - Minor Penalty to Chris Bourque for Tripping.
0:59 of 3rd period - Valtteri Filppula wins face-off versus Andrei Loktionov in Rangers zone.
1:34 of 3rd period - Slapshot by Drew Miller.
1:34 of 3rd period - Shot Blocked by Matt Greene.
1:36 of 3rd period - Slapshot by Torey Krug.
1:36 of 3rd period - Shot Misses the Net.
2:18 of 3rd period - Dennis Wideman is hit by Patrice Bergeron and loses puck.
2:58 of 3rd period - Penalty to Chris Bourque is over, Chris Bourque is back on ice.
3:12 of 3rd period - Backhand shot by Chris Bourque.
3:12 of 3rd period - Stopped by Tobias Stephan with a rebound.
3:25 of 3rd period - Off-side.
3:26 of 3rd period - Patrice Bergeron wins face-off versus Brooks Laich in neutral zone.
4:22 of 3rd period - Snap shot by Marc Savard.
4:22 of 3rd period - Shot Hit the Post.
4:24 of 3rd period - Slapshot by Marc Savard.
4:24 of 3rd period - Stopped by Henrik Lundqvist with a rebound.
4:34 of 3rd period - Slapshot by Cam Barker.
4:34 of 3rd period - Deflect By Nick Foligno.
4:34 of 3rd period - Shot Misses the Net.
4:34 of 3rd period - Puck is out of play.
4:35 of 3rd period - Andrei Loktionov wins face-off versus Nick Foligno in Canadiens zone.
5:00 of 3rd period - Wrist shot by Marc Savard.
5:00 of 3rd period - Stopped by Henrik Lundqvist with a rebound.
5:46 of 3rd period - Wrist shot by Chris Bourque.
5:46 of 3rd period - Stopped by Tobias Stephan without a rebound.
5:47 of 3rd period - Andrei Loktionov wins face-off versus Artem Anisimov in Canadiens zone.
6:04 of 3rd period - Wrist shot by Chris Bourque.
6:04 of 3rd period - Shot Blocked by Torey Krug.
6:12 of 3rd period - Torey Krug is hit by Matt Read and loses puck.
6:19 of 3rd period - Slapshot by Cam Barker.
6:19 of 3rd period - Shot Blocked by Dennis Wideman.
6:21 of 3rd period - Slapshot by Ryan Suter.
6:21 of 3rd period - Shot Misses the Net.
6:23 of 3rd period - Backhand shot by Ryan Suter.
6:23 of 3rd period - Deflect By Artem Anisimov.
6:23 of 3rd period - Stopped by Tobias Stephan with a rebound.
6:25 of 3rd period - Slapshot by Ryan Suter.
6:25 of 3rd period - Stopped by Tobias Stephan with a rebound.
6:31 of 3rd period - Wrist shot by Matt Read.
6:31 of 3rd period - Stopped by Tobias Stephan without a rebound.
6:32 of 3rd period - Andrei Loktionov wins face-off versus Patrice Bergeron in Canadiens zone.
7:03 of 3rd period - Snap shot by Jakob Silfverberg.
7:03 of 3rd period - Deflect By Stephen Weiss.
7:03 of 3rd period - Stopped by Tobias Stephan with a rebound.
7:05 of 3rd period - Wrist shot by Mike Cammalleri.
7:05 of 3rd period - Shot Misses the Net.
7:07 of 3rd period - Slapshot by Matt Greene.
7:07 of 3rd period - Stopped by Tobias Stephan with a rebound.
7:09 of 3rd period - Wrist shot by Stephen Weiss.
7:09 of 3rd period - Goal by Stephen Weiss - Rangers : 6 - Canadiens : 2.
7:10 of 3rd period - Patrick Sharp wins face-off versus Patrice Bergeron in neutral zone.
7:22 of 3rd period - Marek Svatos beats up Cam Barker.
7:22 of 3rd period - Penalty to Marek Svatos for Fighting.
7:22 of 3rd period - Penalty to Cam Barker for Fighting.
7:23 of 3rd period - Patrice Bergeron wins face-off versus Andrei Loktionov in Rangers zone.
7:23 of 3rd period - Patrice Bergeron is hit by Andrei Loktionov.
7:29 of 3rd period - Patrick Sharp is hit by Ryan Suter.
8:05 of 3rd period - Minor Penalty to Drew Miller for Hooking.
8:06 of 3rd period - Patrice Bergeron wins face-off versus Brooks Laich in Canadiens zone.
8:32 of 3rd period - Andrei Loktionov is hit by Mike Cammalleri and loses puck.
8:42 of 3rd period - Icing by Jakob Silfverberg.
8:43 of 3rd period - Brooks Laich wins face-off versus Jakob Silfverberg in Rangers zone.
8:48 of 3rd period - Wrist shot by Greg Stewart.
8:48 of 3rd period - Stopped by Henrik Lundqvist with a rebound.
9:07 of 3rd period - Snap shot by Stephen Weiss.
9:07 of 3rd period - Shot Misses the Net.
9:17 of 3rd period - Slapshot by Ryan Suter.
9:17 of 3rd period - Shot Blocked by Jiri Fischer.
9:35 of 3rd period - Snap shot by Jakob Silfverberg.
9:35 of 3rd period - Shot Misses the Net.
10:05 of 3rd period - Penalty to Drew Miller is over, Drew Miller is back on ice.
10:06 of 3rd period - Off-side.
10:07 of 3rd period - Valtteri Filppula wins face-off versus Marc Savard in neutral zone.
10:58 of 3rd period - Wrist shot by Greg Stewart.
10:58 of 3rd period - Stopped by Henrik Lundqvist with a rebound.
11:02 of 3rd period - Wrist shot by Dustin Boyd.
11:02 of 3rd period - Deflect By Greg Stewart.
11:02 of 3rd period - Shot Misses the Net.
11:02 of 3rd period - Puck is out of play.
11:03 of 3rd period - Valtteri Filppula wins face-off versus Evgeny Dadonov in Rangers zone.
11:13 of 3rd period - Nick Foligno is hit by Patrick Sharp and loses puck.
11:29 of 3rd period - Andrei Loktionov is hit by Jakob Silfverberg and loses puck.
11:46 of 3rd period - Snap shot by Marc Savard.
11:46 of 3rd period - Shot Blocked by Bryan Young.
11:48 of 3rd period - Snap shot by Marc Savard.
11:48 of 3rd period - Stopped by Henrik Lundqvist without a rebound.
11:49 of 3rd period - Stephen Weiss wins face-off versus Marc Savard in Rangers zone.
11:54 of 3rd period - Matt Carle is hit by Stephen Weiss and loses puck.
12:15 of 3rd period - Slapshot by Drew Miller.
12:15 of 3rd period - Shot Misses the Net.
12:38 of 3rd period - Wrist shot by Milan Lucic.
12:38 of 3rd period - Shot Misses the Net.
12:53 of 3rd period - Icing by Drew Stafford.
12:54 of 3rd period - Valtteri Filppula wins face-off versus Brooks Laich in Rangers zone.
13:01 of 3rd period - Slapshot by Alexei Emelin.
13:01 of 3rd period - Deflect By Gustav Nyquist.
13:01 of 3rd period - Shot Misses the Net.
13:01 of 3rd period - Puck is out of play.
13:02 of 3rd period - Drew Stafford wins face-off versus Andrei Loktionov in Canadiens zone.
13:13 of 3rd period - Slapshot by Marek Svatos.
13:13 of 3rd period - Stopped by Henrik Lundqvist with a rebound.
13:27 of 3rd period - Mike Cammalleri is hit by Marc Savard and loses puck.
13:40 of 3rd period - Snap shot by Drew Miller.
13:40 of 3rd period - Stopped by Henrik Lundqvist without a rebound.
13:41 of 3rd period - Brooks Laich wins face-off versus Patrice Bergeron in Rangers zone.
13:51 of 3rd period - Off-side.
13:52 of 3rd period - Andrei Loktionov wins face-off versus Patrice Bergeron in neutral zone.
13:57 of 3rd period - Snap shot by Marek Svatos.
13:57 of 3rd period - Shot Misses the Net.
14:02 of 3rd period - Marek Svatos and Patrice Bergeron fight to a draw.
14:02 of 3rd period - Penalty to Marek Svatos for Fighting.
14:02 of 3rd period - Penalty to Patrice Bergeron for Fighting.
14:02 of 3rd period - Penalty to Patrice Bergeron for instigated a fight.
14:02 of 3rd period - Penalty to Patrice Bergeron for instigated a fight.
14:03 of 3rd period - Andrei Loktionov wins face-off versus Valtteri Filppula in Rangers zone.
14:30 of 3rd period - Cam Barker is hit by Dennis Wideman and loses puck.
15:45 of 3rd period - Patrick Sharp is hit by Artem Anisimov and loses puck.
16:02 of 3rd period - Penalty to Patrice Bergeron is over, Drew Stafford is send on ice.
16:12 of 3rd period - Slapshot by Dennis Wideman.
16:12 of 3rd period - Goal by Dennis Wideman - Rangers : 6 - Canadiens : 3.
16:13 of 3rd period - Brooks Laich wins face-off versus Artem Anisimov in neutral zone.
16:16 of 3rd period - Milan Lucic is hit by Jonas Hoglund and loses puck.
16:20 of 3rd period - Icing by Artem Anisimov.
16:21 of 3rd period - Artem Anisimov wins face-off versus Brooks Laich in Rangers zone.
16:28 of 3rd period - Snap shot by Milan Lucic.
16:28 of 3rd period - Stopped by Tobias Stephan without a rebound.
16:29 of 3rd period - Marc Savard wins face-off versus Artem Anisimov in Canadiens zone.
16:44 of 3rd period - Snap shot by Drew Stafford.
16:44 of 3rd period - Shot Misses the Net.
17:52 of 3rd period - Icing by Artem Anisimov.
17:53 of 3rd period - Artem Anisimov wins face-off versus Andrei Loktionov in Rangers zone.
17:53 of 3rd period - Artem Anisimov is hit by Patrick Sharp.
18:35 of 3rd period - Slapshot by Drew Stafford.
18:35 of 3rd period - Stopped by Tobias Stephan without a rebound.
18:36 of 3rd period - Dustin Boyd wins face-off versus Stephen Weiss in Canadiens zone.
18:38 of 3rd period - Minor Penalty to Dan Boyle for Charging.
18:39 of 3rd period - Brooks Laich wins face-off versus Stephen Weiss in Canadiens zone.
18:47 of 3rd period - Slapshot by Ladislav Smid.
18:47 of 3rd period - Stopped by Henrik Lundqvist without a rebound.
18:48 of 3rd period - Brooks Laich wins face-off versus Stephen Weiss in Rangers zone.
19:02 of 3rd period - Penalty to Marek Svatos is over, Marek Svatos is back on ice.
Goals for this period are 1 for Rangers vs 1 for Canadiens.
Shots for this period are 10 for Rangers vs 9 for Canadiens.
Back to the Top